 Dungeon Crawl Stone Soup version 0.27.1-15-g792fb953b9 (webtiles) character file.

Game seed: 4280595855722988255

67 zeram the Caller (level 4, -5/36 HPs)
             Began as a Deep Elf Summoner on Nov 18, 2021.
             Slain by Crazy Yiuf (6 damage)
             ... on level 2 of the Dungeon.
             The game lasted 00:04:36 (2556 turns).

zeram the Caller (Deep Elf Summoner)                Turns: 2556, Time: 00:04:37

Health: -5/36      AC: 22    Str:  5    XL:     4   Next: 0%
Magic:  10/12      EV:  2    Int: 21    God:
Gold:   69         SH:  0    Dex: 15    Spells: 9/11 levels left

rFire    . . .     SeeInvis .   c - +3 spear (venom)
rCold    . . .     Faith    .   (no shield)
rNeg     + + +     Spirit   .   (armour currently unavailable)
rPois    +         Reflect  .   (helmet currently unavailable)
rElec    .         Harm     .   (cloak currently unavailable)
rCorr    .         Rampage  .   (gloves currently unavailable)
Will     .....     NoTele   +   (boots currently unavailable)
Stlth    ++........             (no amulet)
HPRegen  0.12/turn              (no ring)
MPRegen  0.13/turn              (no ring)

@: lethally poisoned (-5 -> -13), tree-form
A: stationary, stasis, torment immunity, boosted hp
a: no special abilities


You were on level 2 of the Dungeon.
You were a tree.
You visited 1 branch of the dungeon, and saw 2 of its levels.

You collected 69 gold pieces.

Inventory:

Hand Weapons
 c - a +3 spear of venom (weapon)
Armour
 a - a +0 robe (melded)
Jewellery
 d - a ring of ice
 e - an amulet of guardian spirit


   Skills:
 + Level 2.5 Dodging
 - Level 2.5 Stealth
 + Level 4.2 Spellcasting
 + Level 5.5 Summonings


You had 9 spell levels left.
You knew the following spells:

 Your Spells              Type           Power      Damage    Failure   Level
b - Call Imp              Summ           27%        N/A       1%          2

Your spell library contained the following spells:

 Spells                   Type           Power      Damage    Failure   Level
 Summon Small Mammal      Summ           100%       N/A       1%          1
 Call Canine Familiar     Summ           27%        N/A       3%          3
 Summon Guardian Golem    Hex/Summ       15%        N/A       12%         3
 Summon Lightning Spire   Summ/Air       15%        N/A       36%         4


Dungeon Overview and Level Annotations

Branches:
Dungeon (2/15)

Altars:

Annotations:
D:2 Crazy Yiuf


Message History

Could not explore, unopened runed door.
Casting: Call Imp (safe; 1% risk of failure)
Confirm with . or Enter, or press ? or * to list all spells.
A beastly little devil appears in a puff of frigid air.
You open the door. You closely miss Crazy Yiuf.
Crazy Yiuf hits you with a +4 quarterstaff of chaos!
Ouch! That really hurt!
You are lethally poisoned!
Unknown command.
You swap places.
* * * LOW HITPOINT WARNING * * *
You feel very sick.
Crazy Yiuf barely misses your white imp.
Your white imp hits Crazy Yiuf.
Your white imp freezes Crazy Yiuf.
It was a potion of lignification.
You turn into a tree.
Your +0 robe melds into your body.
Your roots penetrate the ground.
* * * LOW HITPOINT WARNING * * *
You feel very sick.
Crazy Yiuf hits your white imp with a +4 quarterstaff of chaos!
Your white imp dies!
Your white imp disappears in a puff of smoke!
Unknown command.
Reach: c) +3 spear (venom)
Press: ? - help, Dir - move target, f - Crazy Yiuf
Aim: Crazy Yiuf, wielding a +4 quarterstaff of chaos and wearing a +1 cloak (blue smoke, moderately wounded, about 32% to evade your +3 spear of venom)
You reach to attack!
You hit Crazy Yiuf but do no damage.
Crazy Yiuf is poisoned.
Crazy Yiuf is moderately wounded.
* * * LOW HITPOINT WARNING * * *
You feel very sick.
Crazy Yiuf laughs, "Goldfish hand tea!"
Reach: c) +3 spear (venom)
Press: ? - help, Dir - move target, f/p - Crazy Yiuf
Aim: Crazy Yiuf, wielding a +4 quarterstaff of chaos and wearing a +1 cloak (blue smoke, moderately wounded, very poisoned, about 32% to evade your +3 spear of venom)
You hit Crazy Yiuf.
Crazy Yiuf looks as sick as possible!
Crazy Yiuf is heavily wounded.
* * * LOW HITPOINT WARNING * * *
You feel very sick. Crazy Yiuf hits you but does no damage.
Space bends around you.
You die...

####♣♣ ###
########..#.♣♣ ♣♣#§.)#
.............♣♣♣♣g'...#
#####
######........♣.♣♣#...#
#.... # #..#.#..♣.♣♣♣
### #....
#######.###♣♣♣♣♣
#####.... .........#
#...'.... ..##.....##
### #####....
#.##......# #.# #....
#.##......# #.# #....
#.##......# #.# #....
#.##......# #.# #....


You could see Crazy Yiuf (extremely poisoned).

Vanquished Creatures
  2 adders (D:2)
  A dart slug (D:1)
  4 ball pythons
  2 endoplasms
  A giant cockroach (D:1)
  4 goblins
  A hobgoblin (D:2)
  3 kobolds
  A quokka (D:1)
  5 frilled lizards
  2 rats (D:1)
26 creatures vanquished.

Vanquished Creatures (collateral kills)
  Terence (D:2)
  A worm (D:2)
  An endoplasm (D:2)
  A giant cockroach (D:2)
  A goblin (D:2)
  A hobgoblin (D:2)
  A quokka (D:2)
  A ball python (D:2)
  2 rats
10 creatures vanquished.

Grand Total: 36 creatures vanquished

Notes
Turn   | Place    | Note
-------+----------+-------------------------------------------
     0 | D:1      | zeram the Deep Elf Summoner began the quest for the Orb.
     0 | D:1      | Reached XP level 1. HP: 10/10 MP: 6/6
   477 | D:1      | Reached XP level 2. HP: 15/15 MP: 6/8
   820 | D:1      | Learned a level 2 spell: Call Imp
  1330 | D:2      | Reached skill level 5 in Summonings
  1332 | D:2      | Reached XP level 3. HP: 9/19 MP: 5/10
  1585 | D:2      | Noticed Terence
  1661 | D:2      | Killed Terence
  1856 | D:2      | Found a faded altar of an unknown god.
  2043 | D:2      | Found a runed translucent door.
  2044 | D:2      | Noticed Crazy Yiuf
  2426 | D:2      | Reached XP level 4. HP: 24/24 MP: 12/12
  2556 | D:2      | HP: 1/36 [poisoned by Crazy Yiuf]
  2556 | D:2      | Slain by Crazy Yiuf

Illustrated notes

Levels and vault maps discovered:
D:1:      elethiomel_arrival_infinity_welcomes_careful_drivers, layout_rooms,
          st_stairs_11
D:2:      layout_basic, ebering_ecumenical_altar_rust, uniq_terence,
          uniq_crazy_yiuf_cottage

Skill      XL: |  1  2  3 |
---------------+----------+-----
Summonings     | 5 |  5.5
Spellcasting   | 4 |  4.2
Dodging        | |  2.5
Stealth        | |  2.5

Action                   |  1- 3 |  4- 6 || total
-------------------------+-------+-------++-------
Melee: Spear             |    60 |     3 ||    63
       Unarmed           |     7 |       ||     7
 Cast: Summon Small Mamm |     8 |       ||     8
       Call Imp          |    17 |     1 ||    18
  Use: Scroll            |     5 |       ||     5
       Potion            |     2 |     1 ||     3
 Stab: Sleeping          |     6 |       ||     6
Armor: Robe              |     7 |       ||     7
       Skin              |       |     1 ||     1
Dodge: Dodged            |    27 |       ||    27
